 Dungeon Crawl Stone Soup version 0.23.2-30-g0e89c35649 (webtiles) character file.

Game seed: 12621016912400609165

4869 Honos the Nimble (level 10, -12/83 HPs)
             Began as a Red Draconian Chaos Knight on June 10, 2019.
             Was a Plaything of Xom.
             Mangled by a yak (17 damage)
             ... on level 9 of the Dungeon.
             The game lasted 01:01:16 (7230 turns).

Honos the Nimble (Red Draconian Chaos Knight)       Turns: 7230, Time: 01:01:19

Health: -12/83     AC: 15    Str: 17    XL:     10   Next: 26%
Magic:  10/10      EV: 17    Int: 13    God:    Xom [*.....]
Gold:   539        SH:  0    Dex: 11    Spells: 5/9 levels left

rFire    + . .     SeeInvis .   a - +0 hand axe (chaos)
rCold    . . .     Gourm    .   (no shield)
rNeg     . . .     Faith    .   (armour unavailable)
rPois    .         Spirit   .   (helmet restricted)
rElec    .         Reflect  .   n - +0 cloak (curse)
rCorr    .         Harm     .   C - +0 pair of gloves
MR       .....                  j - +2 pair of boots of the Assassin {Detection Stab+ Stlth++}
Stlth    +++++.....             (no amulet)
HPRegen  0.23/turn              e - +3 ring of protection
MPRegen  0.12/turn              (no ring)

@: flying, drained
A: breathe fire, unfitting armour, big wings, stinger 1, fire resistance 1,
cold-blooded, AC +7
a: Breathe Fire, Stop Flying, Renounce Religion


You were on level 9 of the Dungeon.
You worshipped Xom.
You were a special plaything of Xom.
You were hungry.

You visited 3 branches of the dungeon, and saw 12 of its levels.

You collected 539 gold pieces.

Inventory:

Hand Weapons
 a - a +0 hand axe of chaos (weapon)
 G - the +8 demon trident "Rift" {distort, reach+}
   (You found it on level 6 of the Dungeon)

   It warps and distorts space around it.
   Unwielding it can cause banishment or high damage.
Missiles
 k - 33 poisoned needles
 y - 3 tomahawks (quivered)
Armour
 f - a +0 hat
 j - the +2 pair of boots of the Assassin (worn) {Detection Stab+ Stlth++}
   (Xom gifted it to you on level 3 of the Dungeon)

   It makes you much more stealthy.
 l - a +0 cloak
 n - a cursed +0 cloak (worn)
 C - a +0 pair of gloves (worn)
Magical Staves
 s - an uncursed staff of energy
 u - an uncursed staff of energy
Jewellery
 e - a +3 ring of protection (left hand)
Wands
 g - a wand of iceblast (8)
 m - a wand of digging (2)
 E - a wand of clouds (7)
 J - a wand of scattershot (2)
Scrolls
 c - a scroll of fog
 d - a scroll of enchant weapon {unknown}
 h - a scroll of random uselessness {unknown}
 i - 3 scrolls of enchant armour {unknown}
 o - a scroll of fear {unknown}
 p - 5 scrolls of remove curse {unknown}
 w - a scroll of noise {unknown}
 x - 3 scrolls of teleportation {unknown}
 z - 2 scrolls of blinking {unknown}
 L - a scroll of silence {unknown}
 M - a scroll of magic mapping {unknown}
 O - a scroll of identify
Potions
 q - a potion of flight
 r - a potion of brilliance
 t - 2 potions of lignification
 v - a potion of agility
 D - 2 potions of mutation {unknown}
 F - a potion of invisibility
 H - 2 potions of degeneration {unknown}
 I - a potion of haste
 K - a potion of might {unknown}
 N - a potion of ambrosia {unknown}
Comestibles
 b - 12 rations


   Skills:
 + Level 6.1(5.4) Fighting
 - Level 3.0(2.3) Axes
 * Level 11.2(10.4) Dodging
 + Level 7.7(7.0) Stealth


You had 5 spell levels left.
You knew the following spells:

 Your Spells              Type           Power        Failure   Level  Hunger
a - Confusing Touch       Hex            #.....       30%         1    ##.....
b - Confuse               Hex            #.......     67%         3    ####...

Your spell library contained the following spells:

 Spells                   Type           Power        Failure   Level  Hunger
 Gell's Gravitas          Tloc           #.........   67%         3    ####...
 Petrify                  Tmut/Erth      #.......     97%         4    #####..
 Metabolic Englaciation   Hex/Ice        #.........   100%        5    ######.
 Yara's Violent Unravell  Hex/Tmut       #.........   100%        5    ######.


Dungeon Overview and Level Annotations

Branches:
Dungeon (10/15)            Temple (1/1) D:7            Lair (1/6) D:9
    Orc: D:9-12

Altars:
Ashenzari
Elyvilon
Gozag
Hepliaklqana
Nemelex Xobeh
Wu Jian
Xom
Yredelemnul

Shops:
D:5 *   D:8 =}

Annotations:
D:9 3 runed translucent doors, Pixllover's ghost, novice MiBe


Innate Abilities, Weirdness & Mutations

You can breathe blasts of fire.
Your fiery red scales are hard. (AC +7)
You cannot fit into any form of body armour.
Your flesh is heat resistant. (rF+)
You are cold-blooded and may be slowed by cold attacks.
Your large and strong wings let you fly indefinitely.
Your tail ends in a poisonous barb.


Message History

* * * LOW HITPOINT WARNING * * *
Something gores you.
* * * LOW HITPOINT WARNING * * *
You hit something. You tail-slap something. You hit the bush but do no damage.
Something gores you!
* * * LOW HITPOINT WARNING * * *
You feel better. Something gores you but does no damage.
You hit the plant but do no damage.
The plant is poisoned.
The plant is moderately damaged.
You hit the plant but do no damage. You hit something but do no damage.
Something gores you!
* * * LOW HITPOINT WARNING * * *
You hit the plant but do no damage. Lightning courses through the plant!
The plant is heavily damaged.
You closely miss something. You hit the plant but do no damage.
The plant bobs in the air for a moment.
A yak appears from thin air!
Reactivating autopickup.
The bush looks more healthy.
The yak gores you!
You die...
Xom chortles!

#######.#######.#######
........÷÷..÷÷........#
#######.#######[#####.# ..#
#...........♣.#.#.# #.#
#..####.P..P....#.#
#.#####..###......P.....#
#.........#♣....P.....P.#
#.#####)..#.....P.......#
#.###..........P@.......♣###
#.##...........♣Y...........
#.##....[........>.....PP.#
#.##.##....♣....P.......♣###
#.##.##.............♣.P.....
#.##.###.##.............##
#.##.# #.##...P.......).#
.....# #....♣..P....♣.P######
.....########......P♣.......#


You could see a yak (berserk).

Vanquished Creatures
  2 hippogriffs
  Sigmund (D:2)
  A spriggan (D:8)
  4 yaks
  A basilisk (D:9)
  A steam dragon (D:9)
  A water moccasin (D:9)
  2 porcupines
  A sky beast (D:6)
  2 ice beasts
  2 black bears
  A phantom (D:5)
  An eye of draining (shapeshifter) (D:9)
  3 centaurs
  2 ogres
  2 crocodiles (D:9)
  2 big kobolds
  2 bullfrogs (D:7)
  An elf skeleton (D:7)
  A water moccasin zombie (D:7)
  2 scorpions
  2 wights (D:9)
  2 electric eels (D:8)
  2 crimson imps
  4 howler monkeys
  A quasit (D:7)
  2 hounds
  2 jellies
  2 orc priests
  A gnoll shaman (D:5)
  An orc wizard (D:7)
  2 iguanas
  3 human skeletons (D:7)
  7 worker ants
  2 hound skeletons
  Robin (D:4)
  5 gnolls (D:5)
  13 adders
  A shadow imp (D:5)
  3 white imps (D:8)
  A worker ant simulacrum (D:8)
  An ufetubus (D:8)
  An ooze (D:4)
  2 dart slugs
  A worm (shapeshifter) (D:4)
  4 leopard geckos
  15 orcs
  3 ball pythons
  7 bats
  5 giant cockroaches
  13 goblins
  8 hobgoblins
  8 jackals
  12 kobolds
  A quokka (D:5)
  5 frilled lizards
  2 orc skeletons (D:7)
  7 rats
  2 butterflies (D:4)
  A plant (D:9)
190 creatures vanquished.

Vanquished Creatures (collateral kills)
  A centaur (D:5)
  An adder (D:5)
2 creatures vanquished.

Vanquished Creatures (others)
  A crocodile (D:9)
  3 bushes (D:9)
  3 fungi (D:9)
  17 plants (D:9)
24 creatures vanquished.

Grand Total: 216 creatures vanquished

Notes
Turn   | Place    | Note
-------+----------+-------------------------------------------
     0 | D:1      | Honos the Draconian Chaos Knight began the quest for the
                  | Orb.
     0 | D:1      | Reached XP level 1. HP: 19/19 MP: 1/1
     4 | D:2      | XOM: potion effect (invisibility)
    59 | D:1      | XOM: divination: detect items
    71 | D:1      | Reached XP level 2. HP: 25/26 MP: 2/2
    78 | D:1      | XOM: divination: magic mapping
   175 | D:1      | XOM: silly message
   513 | D:1      | Reached XP level 3. HP: 33/33 MP: 3/3
   517 | D:1      | XOM: divination: magic mapping
   839 | D:2      | Learned a level 1 spell: Confusing Touch
   889 | D:3      | XOM: noise
   891 | D:3      | Reached skill level 3 in Dodging
  1011 | D:3      | XOM: god gift: +2 pair of boots of the Assassin {Detection
                  | Stab+ Stlth++}
  1012 | D:3      | Found the +2 pair of boots of the Assassin {Detection Stab+
                  | Stlth++}
  1056 | D:2      | Noticed Sigmund
  1075 | D:2      | Killed Sigmund
  1075 | D:2      | Reached skill level 5 in Fighting
  1075 | D:2      | Reached skill level 4 in Dodging
  1075 | D:2      | Reached skill level 1 in Stealth
  1075 | D:2      | Reached XP level 4. HP: 30/42 MP: 4/4
  1075 | D:2      | Reached XP level 5. HP: 35/48 MP: 5/5
  1339 | D:2      | Learned a level 3 spell: Confuse
  1393 | D:2      | XOM: god gift: twisted glowing staff {god gift}
  1471 | D:2      | XOM: god gift: staff of energy {god gift}
  1674 | D:3      | Found a basalt altar of Yredelemnul.
  1715 | D:3      | XOM: scenery: create altars
  1820 | D:3      | Found a sparkling altar of Nemelex Xobeh.
  1820 | D:3      | Found a basalt altar of Yredelemnul.
  1843 | D:3      | Reached XP level 6. HP: 56/56 MP: 6/6
  2028 | D:3      | XOM: swap monsters
  2086 | D:3      | XOM: give mutation
  2086 | D:3      | Gained mutation: Your large and strong wings let you fly
                  | indefinitely. [Xom's grace]
  2094 | D:3      | XOM: divination: detect creatures
  2178 | D:5      | Entered Level 5 of the Dungeon
  2250 | D:4      | XOM: divination: magic mapping
  2365 | D:4      | Found an ornate altar of the Wu Jian Council.
  2374 | D:4      | Noticed Eustachio
  2376 | D:4      | XOM: potion effect (haste)
  2385 | D:4      | Noticed Eustachio
  2385 | D:4      | Eustachio changed into Eustachio the shapeshifter
  2385 | D:4      | Noticed Eustachio
  2385 | D:4      | Eustachio the shapeshifter changed into Eustachio the raiju
  2403 | D:4      | Noticed Eustachio
  2403 | D:4      | Eustachio the raiju changed into Eustachio the basilisk
  2764 | D:4      | XOM: silly message
  2837 | D:4      | Noticed Robin
  2846 | D:4      | Reached skill level 5 in Dodging
  2853 | D:4      | Killed Robin
  2865 | D:4      | Found a shimmering altar of Xom.
  2938 | D:4      | Noticed Eustachio
  2942 | D:4      | Noticed Eustachio
  2942 | D:4      | Eustachio the blink frog changed into Eustachio the acid
                  | dragon
  2947 | D:4      | Noticed Eustachio
  2947 | D:4      | Eustachio the acid dragon changed into Eustachio the warg
  2948 | D:4      | Noticed Eustachio
  2948 | D:4      | Eustachio the warg changed into Eustachio the porcupine
  2949 | D:4      | Eustachio the porcupine changed into Eustachio the worm
  3038 | D:5      | XOM: smoke on damage
  3058 | D:5      | You are sucked into a shaft for 2 floors!
  3232 | D:5      | Found a hazy altar of Hepliaklqana.
  3235 | D:5      | XOM: harmless Erth miscast
  3253 | D:5      | XOM: harmless Tloc miscast
  3255 | D:5      | XOM: potion effect (curing)
  3260 | D:5      | XOM: silly message
  3277 | D:5      | XOM: harmless Necr miscast
  3290 | D:5      | Your scales start taking on a fiery red colour.
  3290 | D:5      | Reached XP level 7. HP: 25/61 MP: 7/7
  3290 | D:5      | Gained mutation: Your flesh is heat resistant. (rF+) [Red
                  | Draconian growth]
  3502 | D:5      | XOM: harmless Ice miscast
  3507 | D:5      | XOM: potion effect (brilliance)
  3508 | D:5      | Identified the +4 spear "Napne" {pain, MR+ Str+2}
  3511 | D:5      | XOM: smoke on damage
  3580 | D:5      | XOM: summons 7 friendly demons
  3636 | D:5      | Found Xethac's Mass Market.
  3881 | D:6      | Reached skill level 6 in Dodging
  4000 | D:6      | Found the +8 demon trident "Rift" {distort, reach+}
  4020 | D:6      | XOM: blink monster(s)
  4076 | D:6      | XOM: enchant monster (good)
  4088 | D:6      | XOM: blink monster(s)
  4091 | D:6      | Reached XP level 8. HP: 67/70 MP: 8/8
  4369 | D:6      | Found a shattered altar of Ashenzari.
  4406 | D:6      | XOM: give mutation
  4406 | D:6      | Gained mutation: Your tail ends in a poisonous barb. [Xom's
                  | grace]
  4496 | D:7      | Reached skill level 7 in Dodging
  4511 | D:6      | XOM: noise
  4657 | D:7      | Reached skill level 5 in Stealth
  4714 | D:7      | XOM: noise
  4757 | D:7      | Found a staircase to the Ecumenical Temple.
  4772 | Temple   | Entered the Ecumenical Temple
  4806 | D:7      | Noticed a hippogriff
  4818 | D:7      | XOM: cleaving
  4820 | D:7      | XOM: silly message
  4829 | D:7      | Killed a hippogriff
  4829 | D:7      | Reached skill level 8 in Dodging
  4891 | D:7      | XOM: enchant monster (bad)
  4894 | D:7      | Reached XP level 9. HP: 64/75 MP: 9/9
  4902 | D:7      | Found an opulent altar of Gozag.
  4927 | D:7      | XOM: blink monster(s)
  4933 | D:7      | XOM: medium Necr miscast
  5137 | D:7      | Reached skill level 9 in Dodging
  5230 | D:8      | Found a white marble altar of Elyvilon.
  5346 | D:8      | Found Moepugax's Gadget Shop.
  5391 | D:8      | XOM: noise
  5393 | D:8      | XOM: blink monster(s)
  5576 | D:8      | XOM: summons 4 hostile demons
  5692 | D:8      | Found Juzesk's Jewellery Boutique.
  5718 | D:8      | Noticed a cyclops
  5814 | D:8      | XOM: summons 1 hostile shadow creature
  5864 | D:8      | Reached skill level 10 in Dodging
  6002 | D:9      | XOM: harmless Erth miscast
  6007 | D:9      | XOM: enchant monster (bad)
  6047 | D:9      | XOM: 2-stop teleportation journey
  6229 | D:10     | Entered Level 10 of the Dungeon
  6273 | D:9      | Found a runed translucent gate.
  6273 | D:9      | Found a runed translucent gate.
  6273 | D:9      | Noticed a kobold demonologist
  6273 | D:9      | Noticed Pixllover's ghost (novice MiBe)
  6273 | D:9      | Noticed a kobold demonologist
  6274 | D:9      | Found a runed translucent gate.
  6328 | D:9      | XOM: summons 5 friendly demons
  6467 | D:9      | XOM: enchant monster (good)
  6471 | D:9      | XOM: enchant monster (bad)
  6474 | D:9      | XOM: polymorph porcupine -> water moccasin
  6497 | D:9      | Reached XP level 10. HP: 54/83 MP: 10/10
  6509 | D:9      | XOM: cleaving
  6515 | D:9      | XOM: divination: detect items
  6516 | D:9      | XOM: polymorph yak -> shapeshifter
  6533 | D:9      | Reached skill level 11 in Dodging
  6667 | D:9      | Found a staircase to the Lair.
  6744 | D:9      | XOM: 3-stop teleportation journey
  7035 | D:9      | XOM: blink monster(s)
  7187 | Lair:1   | Entered Level 1 of the Lair of Beasts
  7197 | Lair:1   | XOM: blink monster(s)
  7199 | Lair:1   | XOM: enchant monster (bad)
  7204 | Lair:1   | XOM: harmless Pois miscast
  7208 | Lair:1   | XOM: noise
  7229 | D:9      | HP: 4/83 [something (7)]
  7230 | D:9      | Mangled by a yak

Skill      XL: |  1  2  3  4  5  6  7  8  9 10 |
---------------+-------------------------------+-----
Fighting       | 4 5 6 |  6.1
Dodging        | 4 5 6 8 10 11 | 11.2
Stealth        | 1 3 4 6 7 |  7.7
Axes           | |  3.0

Action                   |  1- 3 |  4- 6 |  7- 9 | 10-12 || total
-------------------------+-------+-------+-------+-------++-------
Melee: Hand axe          |    87 |   205 |   408 |    96 ||   796
       Tailslap          |    11 |    18 |    58 |    13 ||   100
Throw: Tomahawk          |       |       |     2 |       ||     2
 Cast: Confusing Touch   |     2 |       |       |       ||     2
 Abil: Fly               |       |     1 |       |       ||     1
       Breathe Fire      |       |       |     6 |     2 ||     8
  Use: Scroll            |       |     2 |     4 |       ||     6
       Potion            |       |     2 |       |     2 ||     4
 Stab: Invisible         |     1 |       |       |       ||     1
       Confused          |     1 |       |       |       ||     1
       Sleeping          |       |    14 |    13 |     1 ||    28
       Distracted        |       |     1 |     2 |       ||     3
       Paralysed         |       |       |     9 |     3 ||    12
       Petrified         |       |       |     2 |       ||     2
       Petrifying        |       |       |     1 |       ||     1
  Eat: Chunk             |       |     8 |     8 |       ||    16
       Ration            |       |       |     1 |     1 ||     2
Armor: Skin              |    25 |    89 |   196 |    26 ||   336
Dodge: Dodged            |    68 |   125 |   418 |    43 ||   654
